 Dungeon Crawl Stone Soup version 0.27.1-33-g824d729ab1 (webtiles) character file.

Game seed: 8272634757254016147

13 lonewolfV2 the Covered (level 2, -12/27 HPs)
             Began as a Deep Dwarf Fighter on Dec 15, 2021.
             Killed by an exploding hobgoblin (39 damage)
             ... ignited by their inner flame
             ... on level 1 of the Dungeon.
             The game lasted 00:00:57 (303 turns).

lonewolfV2 the Covered (Deep Dwarf Fighter)          Turns: 303, Time: 00:00:58

Health: -12/27     AC:  6    Str: 19    XL:     2   Next: 24%
Magic:  1/1        EV:  7    Int: 14    God:
Gold:   13         SH:  9    Dex: 12    Spells: 1/1 levels left

rFire    . . .     SeeInvis .   a - +0 war axe
rCold    . . .     Faith    .   c - +0 kite shield
rNeg     . . .     Spirit   .   b - +0 scale mail
rPois    .         Reflect  .   (no helmet)
rElec    .         Harm     .   (no cloak)
rCorr    .         Rampage  .   (no gloves)
Will     .....                  (no boots)
Stlth    ..........             (no amulet)
HPRegen  0.00/turn              g - +6 ring of intelligence
MPRegen  0.07/turn              (no ring)

@: no status effects
A: damage resistance, heal wounds, sense surroundings 1, no regeneration
a: Heal Wounds


You were on level 1 of the Dungeon.
You visited 1 branch of the dungeon, and saw 1 of its levels.

You collected 13 gold pieces.

Inventory:

Hand Weapons
 a - a +0 war axe (weapon)
Armour
 b - a +0 scale mail (worn)
 c - a +0 kite shield (worn)
Jewellery
 g - a +6 ring of intelligence (left hand)
Potions
 d - a potion of might
 h - a potion of lignification
 i - a potion of heal wounds {unknown}


   Skills:
 + Level 2.9 Fighting
 + Level 2.5 Axes
 + Level 3.5 Armour
 + Level 3.5 Shields


You had one spell level left.
You didn't know any spells.
Your spell library was empty.

Dungeon Overview and Level Annotations

Branches:
Dungeon (1/15)

Altars:


Innate Abilities, Weirdness & Mutations

You are resistant to damage.
You can heal yourself by infusing magical energy.
You passively map a small area around you.
You do not regenerate.


Message History

You open the door.
Found an orange potion.
There is an open door here.
Your health is already full.
Found 5 gold pieces.
i - an orange potion You now have 13 gold pieces (gained 5).
Found a plate armour.
You see here a +0 plate armour.
A hobgoblin comes into view.
The hobgoblin shouts!
A hobgoblin is nearby!
As you read the scroll labelled USYBORCH UFOI, it crumbles to dust.
The creatures around you are filled with an inner flame!
It was a scroll of immolation.
A ball python comes into view.
What are your orders? t - Shout!
Orders for allies: a - Attack new target. r - Retreat! s - Stop attacking. g - Guard the area. f - Follow me.
Anything else - Cancel.
Retreat in which direction?
Press: ? - help, Dir - move target, f - you
Okay, then.
As you read the scroll labelled HOZUFFIAWKIE, it crumbles to dust.
It is a scroll of identify.
h - a potion of lignification You block the ball python's attack.
The ball python grabs you. The ball python constricts you.
You hit the ball python.
You kill the ball python!
You closely miss the hobgoblin. The hobgoblin hits you.
You completely miss the hobgoblin. You block the hobgoblin's attack.
The hobgoblin hits you but does no damage.
You slash the hobgoblin!
The hobgoblin explodes!
The fiery explosion engulfs you!!!
Ouch! That really hurt!
You die...

, * ,
###.#####
.....§§@#
###.###§#
* #.### *
, , #...#
, #...#
##+##
#..[#
##...##
##.##
##.....##
####.#
#.......##
##.##.#


There were no monsters in sight!

Vanquished Creatures
  A dart slug (D:1)
  3 ball pythons (D:1)
  An endoplasm (D:1)
  A hobgoblin (D:1)
  2 jackals (D:1)
  A quokka (D:1)
  A frilled lizard (D:1)
  A rat (D:1)
11 creatures vanquished.

Notes
Turn   | Place    | Note
-------+----------+-------------------------------------------
     0 | D:1      | lonewolfV2 the Deep Dwarf Fighter began the quest for the
                  | Orb.
     0 | D:1      | Reached XP level 1. HP: 20/20 MP: 1/1
   204 | D:1      | Reached XP level 2. HP: 27/27 MP: 1/1
   303 | D:1      | Killed by an exploding hobgoblin... ignited by their inner
                  | flame

Illustrated notes

Levels and vault maps discovered:
D:1:      heliophobic_arrival_dark_side_of_the_moon, layout_loops_corners,
          minivault_14, chequers_garden

Action                   || total
-------------------------++-------
Melee: War axe           ||    18
 Abil: Heal Wounds       ||     1
  Use: Scroll            ||     2
Armor: Scale mail        ||    10
Dodge: Dodged            ||     6
Block: Kite shield       ||    11
